 Dungeon Crawl Stone Soup version 0.32-a0-981-g384da2ce10 (webtiles) character file.

Game seed: 10245056481812882709

4361 dialectric the Trooper (level 10, -10/99 (102) HPs)
             Began as a Troll Shapeshifter on Apr 20, 2024.
             Was an Initiate of Gozag.
             Mangled by a two-headed ogre
             ... wielding a +0 giant club
              (14 damage)
             ... on level 8 of the Dungeon.
             The game lasted 00:12:21 (6370 turns).

dialectric the Trooper (Troll Shapeshifter)         Turns: 6370, Time: 00:12:22

HP:   -10/99 (102)  AC:  4    Str: 28    XL:     10   Next: 12%
MP:   9/9           EV: 11    Int:  6    God:    Gozag
Gold: 1694          SH:  0    Dex: 13    Spells: 9/9 levels left

rFire   + . .        x - +6 quarterstaff "Ushika" {venom, rPois rC- rN+ Dex+4}
rCold   x . .        (shield currently unavailable)
rNeg    + + .        a - +0 animal skin
rPois   +            (helmet currently unavailable)
rElec   .            (cloak currently unavailable)
rCorr   .            (gloves unavailable)
SInv    .            (boots unavailable)
Will    .....        (no amulet)
Stlth   +            s - ring of protection from fire
HPRegen 1.16/turn    q - ring of positive energy
MPRegen 0.11/turn

%: no passive effects
@: beast-form, lightly drained
A: beast (slay +3), large, unfitting armour, claws 3, regeneration 1, shaggy fur
1, tough skin 1
a: Begin Untransformation, Renounce Religion, Potion Petition, Call Merchant,
Bribe Branch


You were on level 8 of the Dungeon.
You worshipped Gozag.
Gozag was most pleased with you.
You were a hulking beast.
You visited 1 branch of the dungeon, and saw 8 of its levels.
You also visited: Ossuary.

You collected 1829 gold pieces.
You spent 135 gold pieces at shops.

Inventory:

Hand Weapons
 u - a +2 whip of electrocution
 x - the +6 quarterstaff "Ushika" (weapon) {venom, rPois rC- rN+ Dex+4}
   (You found it on level 5 of the Dungeon)

   Dex+4:     It affects your dexterity (+4).
   rC-:       It makes you vulnerable to cold.
   rPois:     It protects you from poison.
   rN+:       It protects you from negative energy.
 A - a +2 flail of holy wrath
Missiles
 p - a throwing net (quivered)
 w - 4 large rocks
Armour
 a - a +0 animal skin (worn)
Jewellery
 h - a ring of wizardry
 q - a ring of positive energy (right claw)
 s - a ring of protection from fire (left claw)
 G - a +6 ring of dexterity
Talismans
 c - a beast talisman (active)
 d - a flux talisman
 z - a blade talisman
Wands
 t - a wand of flame (27)
 y - a wand of paralysis (13)
 H - a wand of mindburst (12)
Scrolls
 e - 3 scrolls of identify
 f - a scroll of vulnerability {unknown}
 j - a scroll of fear {unknown}
 k - 5 scrolls of teleportation
 l - 2 scrolls of revelation
 m - a scroll of blinking {unknown}
 o - 4 scrolls of enchant weapon {unknown}
 B - a scroll of fog {unknown}
 C - a scroll of immolation {unknown}
 D - a scroll of acquirement {unknown}
 E - a scroll of butterflies {unknown}
 F - a scroll of brand weapon {unknown}
Potions
 b - 2 potions of resistance
 g - 2 potions of heal wounds
 i - 3 potions of ambrosia
 n - a potion of berserk rage
 r - a potion of magic {unknown}
 v - 2 potions of curing
 I - a potion of cancellation {unknown}


   Skills:
 * Level 7.5 Fighting
 - Level 3.5(4.7) Maces & Flails
 + Level 4.3(4.8) Staves
 + Level 5.6 Dodging
 - Level 4.1 Unarmed Combat
 + Level 6.6 Shapeshifting


You had 9 spell levels left.
You didn't know any spells.
Your spell library contained the following spells:

 Spells                   Type           Power      Damage    Failure   Level
 Slow                     Hex            0%         N/A       45%         1
 Confusing Touch          Hex            0%         N/A       83%         3
 Dazzling Flash           Conj/Hex       0%         N/A       83%         3
 Mephitic Cloud           Conj/Alch/Air  0%         N/A       83%         3
 Vampiric Draining        Necr           0%         2d6       83%         3
 Silence                  Hex/Air        0%         N/A       100%        5


Dungeon Overview and Level Annotations

Branches:
Dungeon (8/15)             Temple (0/1) D:5         Ossuary (visited)
   Lair: D:8-11

Altars:
Gozag
Hepliaklqana
Makhleb
Sif Muna
Vehumet
Beogh

Shops:
D:5 *

Annotations:
D:3 2 transporters, trashops's ghost, amateur MDFi


Innate Abilities, Weirdness & Mutations

You are a hulking beast.
Your limbs bulge with bestial killing power. (Slay +3)
You are too large for most types of armour.
You have claws for hands.
Your natural rate of healing is unusually fast.
You are covered in fur. (AC +1)
You have tough skin. (AC +1)


Message History

You hit the two-headed ogre.
The two-headed ogre is poisoned.
The two-headed ogre is lightly wounded.
The two-headed ogre barely misses you.
The two-headed ogre completely misses you.
You sock the two-headed ogre!
The two-headed ogre looks as sick as possible!
The two-headed ogre is moderately wounded.
You hit the two-headed ogre.
The two-headed ogre is heavily wounded.
The two-headed ogre hits you but does no damage.
The two-headed ogre barely misses you.
You hit the two-headed ogre but do no damage.
The two-headed ogre looks as sick as possible!
The two-headed ogre is heavily wounded.
The two-headed ogre hits you with a +0 giant club!!!
The two-headed ogre hits you with a +0 dire flail of holy wrath!
You barely miss the two-headed ogre.
The two-headed ogre is heavily wounded.
The two-headed ogre hits you with a +0 giant club!
The two-headed ogre hits you with a +0 dire flail of holy wrath.
You are too injured to fight recklessly!
You are too injured to fight recklessly!
You are too injured to fight recklessly!
You are too injured to fight recklessly!
You are too injured to fight recklessly!
You are too injured to fight recklessly!
You hit the two-headed ogre.
The two-headed ogre looks as sick as possible!
The two-headed ogre is severely wounded.
You hit the two-headed ogre.
The two-headed ogre is severely wounded.
The two-headed ogre misses you. The two-headed ogre closely misses you.
You hit the two-headed ogre.
The two-headed ogre looks as sick as possible!
The two-headed ogre is almost dead.
The two-headed ogre hits you with a +0 giant club!!
* * * LOW HITPOINT WARNING * * *
The two-headed ogre hits you with a +0 dire flail of holy wrath!
You die...
Your body crumbles into a pile of gold.

...# #.#.###### ...#
#........# .. ...#
#........#######.. ...##
#................! )..<#
#................. ....#
###.....#.........
....#####.###.#.........
.......##.# #.#.........
.......'..# #...hO......
.......#######..........
...........# ##..#######
....)......# .....
...........#.##.####
.............##.#
###)#'#...##....#
#.).#.##### #### ..###)#


You could see a two-headed ogre (extremely poisoned).

Vanquished Creatures
  Edmund (D:5)
  2 water moccasins (D:6)
  4 orc warriors
  A sky beast (D:4)
  An ice beast (D:7)
  3 centaurs
  A kobold brigand (D:7)
  5 bullfrogs
  2 elf zombies (Ossuary)
  2 scorpions
  24 wights
  5 howler monkeys
  3 bombardier beetles
  A hound (D:7)
  4 orc priests
  A gnoll bouda (D:3)
  A jelly (D:6)
  A human zombie (Ossuary)
  2 sleepcaps
  Jessica (D:2)
  6 orc wizards
  3 iguanas
  2 scorpion zombies (D:6)
  A hound zombie (Ossuary)
  4 mummies (Ossuary)
  6 gnolls
  14 adders
  3 howler monkey skeletons (D:6)
  2 shadow imps (D:6)
  A white imp (D:6)
  4 ufetubi
  An adder zombie (Ossuary)
  2 dart slugs
  3 ribbon worms
  45 orcs
  9 endoplasms
  4 giant cockroaches
  7 hobgoblins
  8 jackals
  9 kobolds
  3 quokkas
  4 ball pythons
  5 bats
  5 frilled lizards
  4 goblins
  2 hobgoblin zombies (Ossuary)
  2 kobold zombies (Ossuary)
  An orc zombie (Ossuary)
  3 rats
  2 rat zombies (Ossuary)
230 creatures vanquished.

Vanquished Creatures (others)
  An orc (D:7)
1 creature vanquished.

Grand Total: 231 creatures vanquished

Notes
Turn   | Place    | Note
-------+----------+-------------------------------------------
     0 | D:1      | dialectric the Troll Shapeshifter began the quest for the
                  | Orb.
     0 | D:1      | Reached XP level 1. HP: 18/18 MP: 0/0
   118 | D:1      | Reached skill level 1 in Fighting
   183 | D:1      | Found a faded altar of an unknown god.
   192 | D:1      | Reached XP level 2. HP: 24/27 MP: 1/1
   195 | D:1      | Prayed at the altar of an unknown god.
   195 | D:1      | Became a worshipper of Gozag Ym Sagoz the Greedy
   764 | D:2      | Reached XP level 3. HP: 33/33 MP: 2/2
   947 | D:2      | Noticed Jessica
   953 | D:2      | Killed Jessica
   954 | D:2      | Reached XP level 4. HP: 41/41 MP: 3/3
  1368 | D:3      | Found a transporter.
  1517 | D:3      | Noticed trashops's ghost (amateur MDFi)
  1537 | D:3      | Found a transporter.
  1545 | D:3      | Identified the +9 halberd "Hydra's Bane" {chaos, Int+4}
  1681 | D:3      | Found an opulent altar of Gozag.
  2025 | D:4      | Noticed a sky beast
  2030 | D:4      | Reached skill level 2 in Fighting
  2048 | D:4      | Reached XP level 5. HP: 38/49 MP: 4/4
  2051 | D:4      | Killed a sky beast
  2378 | D:3      | HP: 2/50 [gnoll bouda/+2 whip of electrocution (8)]
  2441 | D:3      | Reached XP level 6. HP: 32/59 MP: 5/5
  2745 | D:4      | Found a radiant altar of Vehumet.
  2991 | D:4      | Found a burning altar of Makhleb.
  2991 | D:4      | Noticed a cacodemon
  2994 | D:4      | Noticed a smoke demon
  2994 | D:4      | Noticed a smoke demon
  3030 | D:5      | Entered Level 5 of the Dungeon
  3042 | D:4      | Reached skill level 3 in Fighting
  3075 | D:5      | Identified the +6 quarterstaff "Ushika" {venom, rPois rC-
                  | rN+ Dex+4}
  3102 | D:5      | Reached skill level 1 in Maces & Flails
  3106 | D:5      | HP: 2/61 [centaur (3)]
  3108 | D:5      | Reached XP level 7. HP: 3/67 MP: 6/6
  3438 | D:5      | Found a staircase to the Ecumenical Temple.
  3472 | D:5      | Reached skill level 4 in Fighting
  3540 | D:5      | Found Cekazoosm's General Store.
  3713 | D:5      | Bought 4 large rocks for 60 gold pieces
  3802 | D:5      | Reached skill level 1 in Staves
  3945 | D:5      | Bought a scroll of revelation for 75 gold pieces
  3980 | D:6      | Noticed Edmund
  4002 | D:5      | Killed Edmund
  4031 | D:6      | Reached XP level 8. HP: 79/79 MP: 7/7
  4112 | D:6      | Found a sand-covered staircase.
  4131 | Ossuary  | Entered an ossuary
  4182 | Ossuary  | Reached skill level 5 in Shapeshifting
  4483 | D:6      | Identified the +6 plate armour of Violets {Fly rCorr}
  4518 | D:6      | Reached skill level 5 in Fighting
  4825 | D:6      | Found a hazy altar of Hepliaklqana.
  5005 | D:6      | Reached XP level 9. HP: 44/89 MP: 8/8
  5178 | D:7      | Reached skill level 6 in Fighting
  5405 | D:7      | Reached skill level 5 in Dodging
  5694 | D:8      | Found a shimmering blue altar of Sif Muna.
  5758 | D:8      | Found a roughly hewn altar of Beogh.
  5771 | D:8      | Reached skill level 7 in Fighting
  6105 | D:8      | Reached XP level 10. HP: 37/101 MP: 9/9
  6359 | D:8      | Noticed a two-headed ogre
  6370 | D:8      | HP: 4/99 [two-headed ogre/+0 giant club (30)]
  6370 | D:8      | Mangled by a two-headed ogre

Illustrated notes

Levels and vault maps discovered:
D:1:      psy_arrival_radial01, layout_basic,
          chequers_ecumenical_altar_simple_redux, hangedman_decor_push,
          minivault_27, minmay_misc_feat_iff
D:2:      layout_basic, uniq_jessica
D:3:      layout_loops_cross, nicolae_gozag_seed_capital,
          gammafunk_ghost_gnarly_gnolls, wander_ebering_terrifying_dragon_lair
D:4:      layout_basic, makhleb_altar_promises_db, marbit_many_paths,
          serial_corexii_hall, corexii_hall_statues_x, corexii_hall_statues_t,
          kennysheep_generic_room_9
D:5:      layout_rooms, minmay_temple_entry_arrows, serial_shops,
          nicolae_shop_gibbet_a_chance, grunt_decor_cap, nicolae_half_adder
D:6:      layout_rooms, nzn_hepliaklqana_mist_gate,
          mainiacjoe_ossuary_entry_find_the_door, uniq_edmund
D:7:      layout_rooms
D:8:      layout_basic, led_sif_pool, lair_entry_dummy, special_room
          [special_room_orc]

Skill      XL: |  1  2  3  4  5  6  7  8  9 |
---------------+----------------------------+-----
Fighting       | 1 2 3 4 5 7 |  7.5
Dodging        | 2 3 4 5 |  5.6
Unarmed Combat | 4 |  4.1
Shapeshifting  | 4 5 6 |  6.6
Maces & Flails | 1 2 3 |  3.5
Staves         | 1 2 4 |  4.3

Action                     |  1- 3 |  4- 6 |  7- 9 | 10-12 || total
---------------------------+-------+-------+-------+-------++-------
  Melee: Unarmed           |    70 |   119 |       |       ||   189
         Punch             |     1 |     3 |       |       ||     4
         Quarterstaff      |       |     7 |   334 |    32 ||   373
    Use: Potion            |       |     1 |     2 |     1 ||     4
         Scroll            |       |     1 |     7 |       ||     8
   Stab: Sleeping          |     1 |     1 |     1 |       ||     3
         Distracted        |       |       |     4 |       ||     4
 Armour: Animal skin       |    43 |   102 |   296 |    33 ||   474
         Skin              |       |     8 |    43 |       ||    51
  Dodge: Dodged            |    28 |    65 |   186 |    29 ||   308

Table legend: (Time is in decaauts)
 A = Elapsed time spent in this place.
 B = Non-inter-level travel time spent in this place.
 C = Inter-level travel time spent in this place.
 D = Time resting spent in this place.
 E = Time spent auto-exploring this place.
 F = Levels seen in this place.
 G = Mean time per level.
                   A        B        C        D        E       F      G
               +--------+--------+--------+--------+--------+-----+--------+
         Total |   6424 |   6142 |    282 |    288 |   4195 |   9 |  713.8 |
       Dungeon |   6136 |   5854 |    282 |    282 |   4038 |   8 |  767.0 |
       Ossuary |    288 |    288 |      0 |      6 |    157 |   1 |  288.0 |
               +--------+--------+--------+--------+--------+-----+--------+

Top non-repeatable levels by time:
     D:5: 961 daAuts
     D:4: 906 daAuts
     D:6: 796 daAuts
     D:3: 792 daAuts
     D:8: 728 daAuts
     D:1: 706 daAuts
     D:2: 628 daAuts
     D:7: 616 daAuts
 Ossuary: 288 daAuts
